 Dungeon Crawl Stone Soup version 0.25-a0-578-gc91f01c39c (webtiles) character file.

Game seed: 195377087879994424, levelgen mode: deterministic

5090 wullow the Blocker (level 10, 0/77 HPs)
             Began as a Demonspawn Fighter on Mar 6, 2020.
             Was a Believer of Okawaru.
             Slain by a two-headed ogre
             ... wielding a +0 giant club
              (12 damage)
             ... on level 9 of the Dungeon.
             The game lasted 00:26:19 (8571 turns).

wullow the Blocker (Demonspawn Fighter)             Turns: 8571, Time: 00:26:21

Health: 0/77       AC: 10    Str: 19    XL:     10   Next: 32%
Magic:  13/13      EV:  9    Int: 11    God:    Okawaru [**....]
Gold:   563        SH: 11    Dex: 14    Spells: 9/13 levels left

rFire    + . .     SeeInvis .   O - +3 trident
rCold    . . .     Gourm    .   c - +0 kite shield
rNeg     . . .     Faith    .   K - +3 ring mail {rF+}
rPois    +         Spirit   .   (helmet restricted)
rElec    .         Reflect  .   l - +0 cloak
rCorr    .         Harm     .   (no gloves)
MR       .....                  (no boots)
Stlth    ++........             (no amulet)
HPRegen  0.22/turn              b - ring of flight
MPRegen  0.13/turn              P - ring of poison resistance

@: no status effects
A: antennae 2, thin skeletal structure 1, powered by pain 1
a: Heroism, Renounce Religion, Evoke Flight


You were on level 9 of the Dungeon.
You worshipped Okawaru.
Okawaru was pleased with you.
You were hungry.

You visited 2 branches of the dungeon, and saw 10 of its levels.
You also visited: Ossuary.

You collected 563 gold pieces.

Inventory:

Hand Weapons
 g - a +0 dagger
 y - a +0 trident of pain
 O - a +3 trident (weapon)
Missiles
 i - 32 sling bullets
 j - 437 stones (quivered)
 o - 43 poisoned darts
 s - 3 datura-tipped darts
Armour
 c - a +0 kite shield (worn)
 l - a +0 cloak (worn)
 K - a +3 ring mail of fire resistance (worn)
 N - +0 steam dragon scales
Jewellery
 b - a ring of flight (left hand)
 P - a ring of poison resistance (right hand)
Wands
 w - a wand of random effects (25)
 D - a wand of flame (22)
 F - a wand of disintegration (20)
Scrolls
 e - 4 scrolls of remove curse
 k - 2 scrolls of enchant armour
 m - a scroll of teleportation
 q - 3 scrolls of immolation
 A - a scroll of amnesia
 I - 3 scrolls of magic mapping
 J - a scroll of blinking
Potions
 a - 8 potions of curing
 p - 5 potions of lignification
 t - 3 potions of ambrosia
 u - 2 potions of degeneration
 v - 3 potions of magic
 x - a potion of mutation
 z - 2 potions of heal wounds
 B - a potion of berserk rage
 C - 3 potions of stabbing
 E - a potion of cancellation
 G - 2 potions of resistance
 H - a potion of flight
 M - a potion of invisibility
Comestibles
 f - 22 rations


   Skills:
 + Level 6.4 Fighting
 * Level 7.7 Polearms
 + Level 5.9 Armour
 - Level 1.0 Stealth
 * Level 8.0 Shields
 - Level 2.0 Spellcasting
 + Level 2.0 Necromancy
 + Level 3.7 Invocations
 + Level 3.3 Evocations


You had 9 spell levels left.
You knew the following spells:

 Your Spells              Type           Power        Failure   Level  Hunger
a - Confusing Touch       Hex            #.......     98%         3    ####...
b - Pain                  Necr           #...         45%         1    ##.....

Your spell library contained the following spells:

 Spells                   Type           Power        Failure   Level  Hunger
 Animate Skeleton         Necr           N/A          45%         1    ##.....
 Beastly Appendage        Tmut           #.....       75%         1    ##.....
 Vampiric Draining        Necr           #.........   83%         3    ####...
 Sticks to Snakes         Tmut           #.......     87%         2    ###....
 Gell's Gravitas          Tloc           #.........   98%         3    ####...
 Spider Form              Tmut/Pois      #.........   98%         3    ####...
 Animate Dead             Necr           N/A          99%         4    #####..
 Ice Form                 Ice/Tmut       #.......     100%        4    #####..
 Petrify                  Tmut/Erth      #.......     100%        4    #####..
 Agony                    Necr           #.......     100%        5    ######.
 Blade Hands              Tmut           #.........   100%        5    ######.
 Metabolic Englaciation   Hex/Ice        #.........   100%        5    ######.
 Yara's Violent Unravell  Hex/Tmut       #.........   100%        5    ######.


Dungeon Overview and Level Annotations

Branches:
Dungeon (9/15)             Temple (1/1) D:7         Ossuary (visited)
   Lair: D:8-11         Orc: D:9-12

Altars:
Ashenzari
Cheibriados
Dithmenos
Fedhas
Gozag
Hepliaklqana
Kikubaaqudgha
Makhleb
Nemelex Xobeh
Okawaru
Qazlal
Vehumet
Xom
Yredelemnul
Zin
The Shining One

Shops:
D:7 }


Innate Abilities, Weirdness & Mutations

You have a pair of antennae on your head.
You have a somewhat thin skeletal structure. (Dex +2, Stealth)
You sometimes gain a little power by taking damage.


Message History

You are too injured to fight recklessly!
You are too injured to fight recklessly!
You are too injured to fight recklessly!
You hit the two-headed ogre.
The two-headed ogre is moderately wounded.
You block the gnoll's attack. You block the two-headed ogre's attack.
The two-headed ogre completely misses you.
You puncture the two-headed ogre!
The two-headed ogre is moderately wounded.
You block the gnoll's attack.
The two-headed ogre hits you but does no damage.
The two-headed ogre hits you with a +0 giant club!
* * * LOW HITPOINT WARNING * * *
You hit the two-headed ogre.
The two-headed ogre is heavily wounded.
The gnoll hits you from afar with a +0 halberd.
* * * LOW HITPOINT WARNING * * *
You block the two-headed ogre's attack.
The two-headed ogre hits you with a +0 giant club!
You die...

#..##...........# #..#
######. #.........#####...
....... #.######..........
....... #. #.#####...#
....... #. #.# #.... .....
. #.# #.#.# ... .
#...#.#####.#.#
..####)######...#..........
......†)gO@...........>.###
..#.##+##'###.#.###.###.# #
#...........###.###.# #
#.................#.# #
#...........#.##..#.# #
##+##...#+#.#.##..#.# #
###.# #..<..#.# #
#.########..#.# .
#...........#.# .


You could see a two-headed ogre and a gnoll.

Vanquished Creatures
  Pikel (D:8)
  Maggie (D:6)
  2 hippogriffs (D:7)
  Eustachio (D:4)
  2 yaks (D:8)
  2 hogs (D:8)
  A human (D:8)
  2 sky beasts
  2 orc warriors
  2 phantoms (D:4)
  An ogre (D:4)
  3 centaurs
  5 bullfrogs
  A wyvern skeleton (D:7)
  4 scorpions
  4 wights (D:6)
  A howler monkey (D:6)
  5 crimson imps
  A centaur zombie (D:6)
  6 hounds
  A jelly (D:5)
  An orc priest (D:5)
  3 orc wizards (D:8)
  4 iguanas
  Ijyb (D:4)
  Terence (D:3)
  8 worker ants
  A hound zombie (D:8)
  2 hound skeletons
  8 mummies (Ossuary)
  14 gnolls
  15 adders
  A shadow imp (D:6)
  An ooze (D:3)
  3 adder skeletons
  An adder zombie (D:9)
  3 worms (D:2)
  2 leopard geckos
  21 orcs
  7 bats
  7 giant cockroaches
  12 goblins
  9 hobgoblins
  10 jackals
  7 kobolds
  3 quokkas
  4 frilled lizards
  5 hobgoblin zombies (Ossuary)
  3 kobold zombies (Ossuary)
  A leopard gecko skeleton (D:2)
  15 rats
221 creatures vanquished.

Vanquished Creatures (others)
  A jelly (D:8)
1 creature vanquished.

Grand Total: 222 creatures vanquished

Notes
Turn   | Place    | Note
-------+----------+-------------------------------------------
     0 | D:1      | wullow the Demonspawn Fighter began the quest for the Orb.
     0 | D:1      | Reached XP level 1. HP: 18/18 MP: 1/1
   122 | D:1      | Gained mutation: You have a somewhat thin skeletal
                  | structure. (Dex +2, Stealth) [demonic ancestry]
   122 | D:1      | Reached XP level 2. HP: 24/24 MP: 2/2
   357 | D:1      | Reached skill level 3 in Shields
   665 | D:1      | Gained mutation: You have a pair of small antennae on your
                  | head. [demonic ancestry]
   665 | D:1      | Reached XP level 3. HP: 29/29 MP: 3/3
  1223 | D:2      | Reached XP level 4. HP: 11/35 MP: 4/4
  1656 | D:3      | Noticed Terence
  1714 | D:3      | Gained mutation: You sometimes gain a little power by
                  | taking damage. [demonic ancestry]
  1714 | D:3      | Reached XP level 5. HP: 41/41 MP: 5/5
  1769 | D:3      | Killed Terence
  2027 | D:3      | Reached skill level 4 in Shields
  2069 | D:3      | Found a faded altar of an unknown god.
  2313 | D:3      | Learned a level 3 spell: Confusing Touch
  2417 | D:4      | Noticed a phantom
  2458 | D:4      | Reached XP level 6. HP: 39/48 MP: 6/6
  2552 | D:4      | Noticed Ijyb
  2585 | D:4      | Killed Ijyb
  2585 | D:4      | Reached skill level 1 in Spellcasting
  2742 | D:4      | Noticed Eustachio
  2745 | D:4      | Found a sand-covered staircase.
  2753 | Ossuary  | Entered an ossuary
  2797 | Ossuary  | Reached XP level 7. HP: 34/54 MP: 8/8
  3020 | D:4      | Killed Eustachio
  3157 | D:4      | Reached skill level 5 in Shields
  3632 | D:5      | Entered Level 5 of the Dungeon
  3920 | D:5      | Reached skill level 5 in Polearms
  3920 | D:5      | Gained mutation: You have a pair of antennae on your head.
                  | [demonic ancestry]
  3920 | D:5      | Reached XP level 8. HP: 56/61 MP: 11/11
  4897 | D:6      | Reached skill level 5 in Fighting
  4966 | D:5      | Reached skill level 6 in Shields
  5253 | D:6      | Found a glowing silver altar of Zin.
  5288 | D:6      | Noticed Maggie
  5289 | D:6      | Got a shimmering robe
  5626 | D:6      | Killed Maggie
  5626 | D:6      | Reached skill level 5 in Armour
  5626 | D:6      | Reached skill level 1 in Evocations
  5626 | D:6      | Reached XP level 9. HP: 23/68 MP: 12/12
  6068 | D:6      | Identified the +1 robe of Polytheism {Int+2 Dex+2} (You
                  | found it on level 6 of the Dungeon)
  6253 | D:7      | Found Horoa's Gadget Shoppe.
  6448 | D:7      | Found a staircase to the Ecumenical Temple.
  6534 | D:7      | Reached skill level 1 in Stealth
  6534 | D:7      | Reached skill level 7 in Shields
  6587 | Temple   | Entered the Ecumenical Temple
  6650 | Temple   | Became a worshipper of Warmaster Okawaru
  6884 | D:7      | Reached skill level 1 in Invocations
  6968 | D:7      | Found a snail-covered altar of Cheibriados.
  7083 | D:7      | Reached * piety under Okawaru
  7453 | D:8      | Learned a level 1 spell: Pain
  7792 | D:8      | Reached skill level 1 in Necromancy
  7792 | D:8      | Reached XP level 10. HP: 35/76 MP: 11/13
  8001 | D:8      | Reached ** piety under Okawaru
  8212 | D:8      | Noticed Pikel
  8216 | D:8      | Killed Pikel
  8216 | D:8      | Reached skill level 8 in Shields
  8506 | D:9      | Found a shimmering altar of Xom.
  8555 | D:9      | Noticed a two-headed ogre
  8571 | D:9      | Slain by a two-headed ogre

Levels and vault maps discovered:
D:1:      psy_arrival_radial01, layout_basic, minmay_misc_feat_iff,
          chequers_arboretum
D:2:      layout_rooms, first_ration, minmay_increasing_density
D:3:      layout_loops_ring, chequers_ecumenical_altar_simple, bh_chokoban,
          uniq_terence
D:4:      layout_basic, nicolae_ossuary_entry_ruins, uniq_eustachio, uniq_ijyb
D:5:      layout_rooms
D:6:      layout_basic, basic_altar, uniq_maggie
D:7:      layout_basic, lemuel_crystal_altar, minmay_temple_entry_poolview,
          serial_shops, nicolae_shop_statue_plus
D:8:      layout_cave_pools, grunt_livestock, uniq_pikel
D:9:      layout_basic, grunt_temple_overflow_open
Temple:   zaba_magenta_temple

Skill      XL: |  1  2  3  4  5  6  7  8  9 10 |
---------------+-------------------------------+-----
Polearms       | 2 3 4 5 6 7 |  7.7
Shields        | 3 4 5 6 7 8 |  8.0
Armour         | 3 4 5 |  5.9
Fighting       | 4 5 6 |  6.4
Spellcasting   | 1 2 |  2.0
Evocations     | 1 2 3 |  3.3
Stealth        | 1 |  1.0
Invocations    | 2 3 |  3.7
Necromancy     | 1 2 |  2.0

Action                   |  1- 3 |  4- 6 |  7- 9 | 10-12 || total
-------------------------+-------+-------+-------+-------++-------
Melee: Trident           |   150 |   315 |   642 |    82 ||  1189
Throw: Stone             |       |       |     3 |       ||     3
Invok: Heroism           |       |       |     1 |       ||     1
Evoke: Wand              |       |       |     3 |     2 ||     5
  Use: Potion            |       |       |     3 |     1 ||     4
       Scroll            |       |       |     3 |    18 ||    21
 Stab: Sleeping          |       |       |     3 |       ||     3
  Eat: Chunk             |     1 |     6 |    17 |     2 ||    26
Armor: Scale mail        |    19 |       |       |       ||    19
       Ice dragon scales |    44 |   141 |    95 |       ||   280
       Ring mail         |       |       |   156 |    13 ||   169
Dodge: Dodged            |    26 |    76 |   165 |    24 ||   291
Block: Kite shield       |    54 |   142 |   347 |    31 ||   574

Table legend:
 A = Non-vault XP
 B = Vault XP
 C = Vault XP percentage of total XP
 D = Non-vault monster count
 E = Vault monster count
 F = Vault count percentage of total count
                 A         B        C        D         E       F
            +---------+---------+-------+---------+---------+-------
      Total |    4639 |    2633 |  36.2 |     188 |      33 |  14.9
            +---------+---------+-------+---------+---------+-------
        D:1 |      42 |       0 |   0.0 |      27 |       0 |   0.0
        D:2 |      36 |     113 |  75.8 |      20 |       7 |  25.9
        D:3 |     109 |      36 |  24.8 |      31 |       1 |   3.1
        D:4 |     658 |     244 |  27.1 |      19 |       2 |   9.5
        D:5 |     626 |       0 |   0.0 |      13 |       0 |   0.0
        D:6 |     472 |     415 |  46.8 |      13 |       1 |   7.1
        D:7 |    1552 |       0 |   0.0 |      30 |       0 |   0.0
        D:8 |    1060 |    1673 |  61.2 |      30 |       6 |  16.7
        D:9 |      84 |       0 |   0.0 |       5 |       0 |   0.0
    Ossuary |       0 |     152 | 100.0 |       0 |      16 | 100.0
            +---------+---------+-------+---------+---------+-------
